 Dungeon Crawl Stone Soup version 0.17-a0-1262-gd250d98 (webtiles) character file.

70 Fluffy the Stinger (level 4, 0/27 HPs)
             Began as an Octopode Venom Mage on June 6, 2015.
             Slain by an adder (3 damage)
             ... on level 2 of the Dungeon.
             The game lasted 00:07:11 (2157 turns).

Fluffy the Stinger (Octopode Venom Mage)            Turns: 2157, Time: 00:07:14

Health: 0/27       AC:  1    Str:  7    XL:     4   Next: 22%
Magic:  6/8        EV: 12    Int: 18    God:
Gold:   74         SH:  0    Dex: 12    Spells: 2 memorised, 5 levels left

rFire  . . .     SeeInvis .     n - +0 falchion
rCold  . . .     Clarity  .     (no shield)
rNeg   . . .     SustAt   .     (helmet restricted)
rPois  .         Gourm    .     (no amulet)
rElec  .         Spirit   .     (no ring)
rCorr  .         Warding  .     (no ring)
rMut   .         Stasis   .     (no ring)
MR     .....                    (no ring)
Stlth  +++.......               (no ring)
                                (no ring)
                                (no ring)
                                (no ring)

@: lethally poisoned (0 -> -6), not resistant to hostile enchantments, fairly
stealthy
A: almost no armour, amphibious, 8 rings, constrict 8, camouflage 1, gelatinous
body 1
a: no special abilities


You were on level 2 of the Dungeon.
You were not hungry.

You visited 1 branch of the dungeon, and saw 2 of its levels.

You collected 74 gold pieces.

Inventory:

Hand weapons
 n - a +0 falchion (weapon)
Scrolls
 d - a scroll of identify {unknown}
 e - a scroll of blinking {unknown}
 g - a scroll of noise {unknown}
 h - a scroll of remove curse {unknown}
 i - a scroll of teleportation {unknown}
 j - a scroll of fear {unknown}
 m - a scroll of recharging {unknown}
Potions
 l - a potion of heal wounds {unknown}
Books
 a - a Young Poisoner's Handbook

   Spells                             Type                      Level
   a - Sting                          Conjuration/Poison           1
   b - Cure Poison                    Poison                       2
   c - Mephitic Cloud                 Conjuration/Poison/Air       3
   d - Olgreb's Toxic Radiance        Poison                       4
   e - Venom Bolt                     Conjuration/Poison           5
Comestibles
 b - 2 bread rations
 c - a meat ration
 f - 5 fruits


   Skills:
 - Level 2.0 Dodging
 - Level 2.6 Stealth
 + Level 3.1 Spellcasting
 + Level 0.0 Conjurations
 + Level 0.4 Air Magic
 + Level 5.8 Poison Magic


You had 5 spell levels left.
You knew the following spells:

 Your Spells              Type           Power        Failure   Level  Hunger
a - Sting                 Conj/Pois      ##..         6%          1    None
b - Mephitic Cloud        Conj/Pois/Air  ##......     24%         3    ###....


Dungeon Overview and Level Annotations

Branches:
Dungeon (2/15)

Altars:


Innate Abilities, Weirdness & Mutations

You cannot wear most types of armour.
You are amphibious.
You can wear up to eight rings at the same time.
You can use your tentacles to constrict eight enemies at once.
Your skin changes colour to match your surroundings (Stealth).
Your rubbery body absorbs attacks (AC +1).


Message History

Confirm with . or Enter, or press ? or * to list all spells.
Aiming: Sting
Press: ? - help, Shift-Dir - straight line, f/p - adder
Aim: an adder (severely wounded)
The sting misses the adder.
The sting hits the kobold.
You kill the kobold!
You feel sick. The adder closely misses you.
You miss the adder. Your grab misses the adder.
The adder is severely wounded.
* * * LOW HITPOINT WARNING * * *
You feel sick. The adder completely misses you. The adder closely misses you.
Your magical contamination has completely faded away.
You barely miss the adder. Your grab misses the adder.
Your squeeze misses the adder.
The adder is severely wounded.
* * * LOW HITPOINT WARNING * * *
You feel sick. The adder bites you.
* * * LOW HITPOINT WARNING * * *
The adder bites you.
You die...

.. ########### ##
#.........# #.
#.........# ####.
#.........# #....
##.........###.##.
#....>.....'......
#..........###.##.
#@.........# #.##.
######S###.######
#†##. #.....g..#.#
#.##. #.....g..#.#
#.... #........#.
####. #........#
## #........#
#).......#
#........#


You could see 2 gnolls and an adder.

Vanquished Creatures
  An adder (D:2)
  4 bats
  2 giant cockroaches (D:1)
  4 hobgoblins (D:1)
  11 jackals
  A quokka (D:2)
  2 ball pythons (D:1)
  4 giant geckos
  A giant newt (D:2)
  7 goblins (D:1)
  11 kobolds
  6 rats
  A plant (D:1)
55 creatures vanquished.

Notes
Turn   | Place    | Note
--------------------------------------------------------------
     0 | D:1      | Fluffy the Octopode Venom Mage began the quest for the Orb.
     0 | D:1      | Reached XP level 1. HP: 11/11 MP: 3/3
   228 | D:1      | Reached skill level 5 in Poison Magic
   313 | D:1      | Reached XP level 2. HP: 15/17 MP: 0/5
   881 | D:1      | Reached XP level 3. HP: 21/21 MP: 0/7
  1982 | D:2      | Reached XP level 4. HP: 27/27 MP: 6/8
  1987 | D:2      | Learned a level 3 spell: Mephitic Cloud
  2157 | D:2      | Slain by an adder

Vault maps used:
D:1:      wheals_arrival_linesprint, minmay_misc_feat_doors, st_stairs_7,
          lexackson_kobold_supper
D:2:      uniq_crazy_yiuf_cottage

Action                   |  1- 3 |  4- 6 || total
-------------------------+-------+-------++-------
Melee: Unarmed           |    45 |       ||    45
       Short sword       |    21 |       ||    21
       Falchion          |       |     5 ||     5
 Cast: Sting             |    62 |     8 ||    70
  Eat: Chunk             |     4 |       ||     4
